[Event "Bicaz City Cup 2020"]
[Site "Bicaz"]
[Date "2020.03.07"]
[Round "5.17"]
[White "Chiprian, Ionel"]
[Black "Maria, Lia-Alexandra"]
[Result "1-0"]
[ECO "A22"]
[WhiteElo "1861"]
[BlackElo "1547"]
[Annotator "NA RC"]
[PlyCount "99"]
[EventDate "2020.03.05"]
[EventType "swiss"]
[EventCountry "ROU"]
[SourceTitle "playchess.com"]
[Source "ChessBase"]
[SourceQuality "1"]
[TimeControl "5400+30"]

1. c4 e5 2. Nc3 Nf6 3. g3 c6 4. Nf3 e4 5. Ng5 d5 6. cxd5 {[%emt 0:00:35] A23: English Opening: 1...e5 2 Nc3 Nf6 3 g3 c6.} cxd5 7. d4 Nc6 8. Nh3 {[%emt 0:01:16] [#]} Bb4 $146 ({Predecessor:} 8... h6 9. Bg2 Bb4 10. O-O O-O 11. a3 Bxc3 12. bxc3 Bf5 13. f4 Re8 14. e3 Bg4 {1-0 (64) Ziegler,U (1751)-Mayeres,H (1899) Neustadt 2017}) 9. Bg5 O-O 10. Bg2 h6 11. Bxf6 Qxf6 12. e3 Rd8 13. O-O Na5 14. Nf4 Bxc3 15. bxc3 Nc4 16. Qe2 Bf5 17. Nxd5 Rxd5 18. Qxc4 Rad8 19. Qb4 b5 20. a4 a6 21. axb5 axb5 22. Ra5 Qc6 23. Rc1 Rc8 24. Bf1 Bd7 25. Qb1 Rh5 $18 26. c4 Qc7 27. Qa1 Be6 28. d5 Bxd5 29. Rxb5 Rg5 30. Qd4 Qc6 31. Rbb1 Be6 32. Bg2 Bf5 33. Rb6 Qc7 34. Rd6 Bg6 35. Rd7 Qc6 36. Rd8+ Rxd8 37. Qxd8+ Kh7 38. Qd4 Rc5 39. Bf1 Bh5 40. Ra1 Bf3 41. Rc1 h5 42. Bg2 h4 43. Bxf3 exf3 44. Qxh4+ Kg8 45. Qg4 Qd5 46. h4 Qd2 47. Rf1 Qe2 48. Ra1 g6 49. Qd4 Ra5 50. Qg4 1-0

[Event "Bicaz City Cup 2020"]
[Site "Bicaz"]
[Date "2020.03.07"]
[Round "5.18"]
[White "Pitigoi, Sabina-Andreea"]
[Black "Tablan, Matei-Christian"]
[Result "0-1"]
[ECO "A04"]
[WhiteElo "1687"]
[BlackElo "1858"]
[Annotator "NA RC"]
[PlyCount "154"]
[EventDate "2020.03.05"]
[EventType "swiss"]
[EventCountry "ROU"]
[SourceTitle "playchess.com"]
[Source "ChessBase"]
[SourceQuality "1"]
[TimeControl "5400+30"]

1. Nf3 c5 2. c4 e6 3. Nc3 Nc6 4. g3 g6 5. Bg2 Bg7 6. O-O Nge7 7. d3 d6 {[%emt 0:13:26] A37: Symmetrical English vs ...g6: 4 Bg2 Bg7 5 Nf3.} 8. Bd2 O-O 9. a3 a6 {[%emt 0:15:22] [#]} 10. Qc2 $146 ({Predecessor:} 10. Rb1 Rb8 11. b4 cxb4 12. axb4 b5 13. cxb5 axb5 14. Ne1 Bd7 15. Nc2 Rb6 16. Ne4 Qc7 17. e3 f5 18. Nc3 Rc8 {1-0 (61) Riazantsev,A (2596)-Mamedyarov,S (2657) Moscow 2005}) 10... Rb8 11. Rfb1 b5 12. cxb5 axb5 13. b4 c4 14. a4 cxd3 15. Qxd3 bxa4 16. Rxa4 Ne5 17. Nxe5 Bxe5 18. b5 d5 19. Be3 Bd7 20. Rab4 Qa5 21. Bd4 Bxd4 22. Qxd4 Rfc8 23. e4 Qc7 24. R4b3 e5 25. Qb4 d4 26. Qxe7 dxc3 27. Rc1 Bxb5 28. Qxc7 Rxc7 29. Rbxc3 Rxc3 30. Rxc3 Be2 31. Rc1 Rb4 32. Re1 Bd3 33. f4 exf4 34. gxf4 f5 35. exf5 Bxf5 36. Rf1 Kg7 37. Rf2 Bg4 38. h3 Bf5 39. Kh2 Kf6 40. Kg3 Rc4 41. Rf1 Be6 42. Rf2 Kf5 43. Rf1 Rc3+ 44. Rf3 Rc2 45. Ra3 Rc5 46. Re3 Kf6 47. Kh2 h6 48. Kg3 Bd5 49. Bxd5 Rxd5 50. h4 $11 h5 51. Rf3 Rd1 52. Kg2 Kf5 53. Rg3 Rd2+ 54. Kg1 Rd6 55. Rg5+ Kxf4 56. Kf2 Ra6 57. Ke2 Ra2+ 58. Kd3 Rh2 59. Rxg6 Rxh4 60. Ra6 Rh2 61. Ra4+ Kf3 62. Ra8 Rf2 63. Rf8+ Kg3 64. Rg8+ Kh3 65. Ke3 Rf7 66. Ke2 h4 67. Ke1 Kh2 68. Ke2 h3 69. Ke1 Rf3 70. Ke2 Rg3 71. Ra8 Kg2 72. Rf8 h2 73. Rf2+ Kh3 74. Rf1 Rg1 75. Rf8 h1=Q 76. Rh8+ Kg4 77. Rxh1 Rxh1 0-1

[Event "Bicaz City Cup 2020"]
[Site "Bicaz"]
[Date "2020.03.07"]
[Round "5.19"]
[White "Russeva, Viktoria"]
[Black "Tufa, Mihai"]
[Result "0-1"]
[ECO "B22"]
[WhiteElo "1550"]
[BlackElo "1835"]
[Annotator "NA RC"]
[PlyCount "114"]
[EventDate "2020.03.05"]
[EventType "swiss"]
[EventCountry "ROU"]
[SourceTitle "playchess.com"]
[Source "ChessBase"]
[SourceQuality "1"]
[TimeControl "5400+30"]

1. e4 c5 2. c3 Nf6 3. e5 Nd5 4. d4 cxd4 5. cxd4 e6 6. Nf3 Nc6 7. Bc4 Nb6 8. Bd3 d6 9. O-O Nb4 10. Bb5+ Bd7 11. Bxd7+ Qxd7 12. Nc3 d5 13. Bd2 Nc4 14. b3 Nxd2 15. Qxd2 Nc6 16. Qb2 Be7 17. Rac1 O-O 18. Na4 b6 19. Qd2 Ba3 20. Rc2 Nb4 21. Rc3 Rfc8 22. Nh4 Rxc3 23. Nxc3 Rc8 24. Nb1 Rc2 25. Qe1 Rc1 26. Qd2 Rxf1+ 27. Kxf1 Qb5+ 28. Kg1 Qa6 29. h3 h6 30. f4 b5 31. f5 Nc6 32. Nxa3 Qxa3 33. fxe6 fxe6 34. Qc3 Ne7 35. Qc7 Kf7 36. Qc2 a5 37. Qe2 Qc1+ 38. Qf1+ Qxf1+ 39. Kxf1 Nc6 40. Nf3 a4 41. bxa4 bxa4 42. a3 Na5 43. Ne1 Nc4 44. Nc2 Ke7 45. Ke2 Kd7 46. Kd3 Kc6 47. Kc3 Kb5 48. Kd3 Nb2+ 49. Kc3 Nc4 50. Kd3 h5 51. Kc3 g5 52. Kd3 Nxa3 53. Nxa3+ Kb4 54. Nb1 a3 55. Nc3 Kb3 56. Na2 Kxa2 57. Kc2 h4 0-1

[Event "Bicaz City Cup 2020"]
[Site "Bicaz"]
[Date "2020.03.08"]
[Round "6.6"]
[White "Bejan, Sergiu"]
[Black "Dobre, Claudiu-Cristian"]
[Result "0-1"]
[ECO "A85"]
[WhiteElo "1915"]
[BlackElo "2312"]
[Annotator "ChessBase"]
[PlyCount "92"]
[EventDate "2020.03.05"]
[EventType "swiss"]
[EventCountry "ROU"]
[SourceTitle "playchess.com"]
[Source "ChessBase"]
[SourceQuality "1"]
[TimeControl "5400+30"]

1. d4 f5 2. c4 Nf6 3. Nc3 d6 4. Bg5 Nbd7 5. Qc2 g6 6. Nf3 Bg7 7. O-O-O c6 8. Bxf6 Nxf6 9. e3 a6 10. Bd3 b5 11. h4 O-O 12. Ng5 Qe8 13. f3 e5 14. dxe5 dxe5 15. e4 f4 16. Qb3 Kh8 17. Qb4 h6 18. Nh3 Rf7 19. Nf2 Bf8 20. Qa5 Be6 21. b3 Qb8 22. Kc2 Bc5 23. Rhf1 Bb6 24. Qa3 Bxf2 25. Rxf2 b4 26. Qa4 Qb6 27. Rfd2 bxc3 28. Kxc3 c5 29. Be2 Rd7 30. Rxd7 Bxd7 31. Qa3 a5 32. Kc2 a4 33. Qb2 Qc7 34. g3 fxg3 35. f4 Re8 36. Bf3 Bc6 37. Re1 Kg7 38. Qc3 Kf7 39. f5 gxf5 40. exf5 e4 41. Bg2 Qe5 42. Qe3 axb3+ 43. Qxb3 Rb8 44. Qa3 Ba4+ 45. Kc1 Qa1+ 46. Kd2 Qd4+ {[%emt 0:00:57] Ra1} 0-1

[Event "Bicaz City Cup 2020"]
[Site "Bicaz"]
[Date "2020.03.08"]
[Round "6.8"]
[White "Telea, Stefan"]
[Black "Ienasoaie, Rafael"]
[Result "1-0"]
[ECO "A05"]
[WhiteElo "2006"]
[BlackElo "1883"]
[Annotator "ChessBase"]
[PlyCount "79"]
[EventDate "2020.03.05"]
[EventType "swiss"]
[EventCountry "ROU"]
[SourceTitle "playchess.com"]
[Source "ChessBase"]
[SourceQuality "1"]
[TimeControl "5400+30"]

1. Nf3 Nf6 2. c4 c6 3. g3 d5 4. Bg2 e6 5. O-O Bd6 6. d4 Nbd7 7. Nc3 O-O 8. e4 Nxe4 9. Nxe4 dxe4 10. Ng5 Be7 11. Nxe4 Nb6 12. b3 f5 13. Nc3 Bf6 14. Be3 Qe7 15. Qc2 Bd7 16. a4 Be8 17. a5 Nc8 18. a6 Bg6 19. f4 Nb6 20. Na4 Rfd8 21. Rfd1 Rac8 22. axb7 Qxb7 23. Nc5 Qe7 24. Qf2 Bf7 25. Nd3 g6 26. Ne5 Be8 27. Bf3 Rc7 28. Qg2 Rdc8 29. Ra6 Kh8 30. Rda1 g5 31. fxg5 Bxg5 32. Bxg5 Qxg5 33. Qf2 Qg7 34. c5 Nd5 35. Bxd5 exd5 36. Qxf5 Rb8 37. Rxa7 Bg6 38. Rxc7 Qxc7 39. Qf6+ Kg8 40. Nxc6 1-0

[Event "Bicaz City Cup 2020"]
[Site "Bicaz"]
[Date "2020.03.08"]
[Round "6.9"]
[White "Tablan, Matei-Christian"]
[Black "Antal, Hunor-Zoltan"]
[Result "1/2-1/2"]
[ECO "D05"]
[WhiteElo "1858"]
[BlackElo "1989"]
[Annotator "ChessBase"]
[PlyCount "77"]
[EventDate "2020.03.05"]
[EventType "swiss"]
[EventCountry "ROU"]
[SourceTitle "playchess.com"]
[Source "ChessBase"]
[SourceQuality "1"]
[TimeControl "5400+30"]

1. d4 Nf6 2. Nf3 d5 3. e3 e6 4. Bd3 c5 5. b3 Nc6 6. Bb2 Bd6 7. O-O Qc7 8. a3 Bd7 9. Nbd2 e5 10. dxe5 Nxe5 11. Bxe5 Bxe5 12. Nxe5 Qxe5 13. e4 O-O-O 14. exd5 Qxd5 15. Qf3 Bc6 16. Qxd5 Nxd5 17. g3 Nc3 18. Rfe1 Rhe8 19. f3 g6 20. Kf2 b5 21. Rac1 f5 22. Nb1 Rxe1 23. Rxe1 Nxb1 24. Rxb1 c4 25. bxc4 bxc4 26. Bxc4 Rd2+ 27. Be2 Rxc2 28. Rb3 Kc7 29. Ke3 a5 30. Bb5 a4 31. Rb4 Bxb5 32. Rxb5 Rc3+ 33. Kf4 Rxa3 34. Ra5 Kb6 35. Ra8 Kb5 36. Rb8+ Kc6 37. Rc8+ Kd5 38. Rh8 Ke6 39. Rxh7 {[%emt 0:00:22] Ke5+} 1/2-1/2

[Event "Bicaz City Cup 2020"]
[Site "Bicaz"]
[Date "2020.03.08"]
[Round "6.10"]
[White "Pislariu, Stefanel-Vasilica"]
[Black "Chiprian, Ionel"]
[Result "1-0"]
[ECO "D37"]
[WhiteElo "1954"]
[BlackElo "1861"]
[Annotator "ChessBase"]
[PlyCount "87"]
[EventDate "2020.03.05"]
[EventType "swiss"]
[EventCountry "ROU"]
[SourceTitle "playchess.com"]
[Source "ChessBase"]
[SourceQuality "1"]
[TimeControl "5400+30"]

1. d4 d5 2. c4 e6 3. Nc3 Nf6 4. Nf3 Nbd7 5. e3 a6 6. g3 c6 7. Bg2 Bb4 8. O-O Bxc3 9. bxc3 O-O 10. Ne5 Nxe5 11. dxe5 Nd7 12. f4 Nb6 13. cxd5 cxd5 14. e4 Qc7 15. Ba3 Rd8 16. Bd6 Qc6 17. Qd4 Nc4 18. exd5 Qa4 19. dxe6 Bxe6 20. f5 Bd7 21. Bxb7 Bc6 22. Rab1 Bxb7 23. Rxb7 Qc6 24. Rc7 Qxc7 25. Bxc7 Rxd4 26. cxd4 Ne3 27. Rf3 Nd5 28. Bd6 Rc8 29. Bc5 g6 30. f6 Nc7 31. Ra3 h5 32. Kf2 Ne6 33. Rc3 a5 34. Ke3 Kh7 35. Bb4 Rb8 36. Be7 Rb5 37. a4 Rb2 38. d5 Ng5 39. h4 Rg2 40. hxg5 Rxg3+ 41. Kd4 Rxg5 42. d6 Rg4+ 43. Kc5 h4 44. d7 1-0

[Event "Bicaz City Cup 2020"]
[Site "Bicaz"]
[Date "2020.03.08"]
[Round "6.11"]
[White "Tufa, Mihai"]
[Black "Arghirescu, Andrei"]
[Result "1/2-1/2"]
[ECO "C00"]
[WhiteElo "1835"]
[BlackElo "2015"]
[Annotator "ChessBase"]
[PlyCount "81"]
[EventDate "2020.03.05"]
[EventType "swiss"]
[EventCountry "ROU"]
[SourceTitle "playchess.com"]
[Source "ChessBase"]
[SourceQuality "1"]
[TimeControl "5400+30"]

1. e4 e6 2. d4 b6 3. Nf3 Bb7 4. Bd3 Nf6 5. Qe2 c5 6. c3 Nc6 7. d5 Nb8 8. c4 d6 9. Nc3 Be7 10. O-O Nbd7 11. h3 Nf8 12. Nh2 Ng6 13. f4 e5 14. f5 Nf8 15. g4 h6 16. Nf3 a6 17. Bc2 Bc8 18. Ba4+ Bd7 19. Bxd7+ N8xd7 20. a4 Nh7 21. Be3 Ng5 22. Kg2 Nxf3 23. Qxf3 Bg5 24. Rfe1 Bxe3 25. Qxe3 Qh4 26. Ne2 Nf6 27. Ng1 Qg5 28. Qxg5 hxg5 29. Nf3 Nh7 30. Rh1 Ke7 31. Rhb1 a5 32. Rh1 Rag8 33. Rh2 g6 34. Rah1 gxf5 35. exf5 Nf6 36. Re1 Kd7 37. Nd2 Rh6 38. Ne4 Ke7 39. Kg3 Nxe4+ 40. Rxe4 f6 41. Re3 1/2-1/2

[Event "Bicaz City Cup 2020"]
[Site "Bicaz"]
[Date "2020.03.08"]
[Round "6.12"]
[White "Stegariu, Alexandru"]
[Black "Mazilu, Stefan-Fabian"]
[Result "1/2-1/2"]
[ECO "E15"]
[WhiteElo "2129"]
[BlackElo "1772"]
[Annotator "ChessBase"]
[PlyCount "70"]
[EventDate "2020.03.05"]
[EventType "swiss"]
[EventCountry "ROU"]
[SourceTitle "playchess.com"]
[Source "ChessBase"]
[SourceQuality "1"]
[TimeControl "5400+30"]

1. d4 Nf6 2. c4 e6 3. Nf3 b6 4. g3 Bb7 5. Bg2 c5 6. dxc5 Bxc5 7. O-O O-O 8. Nc3 d5 9. Ne5 Nbd7 10. Nxd7 Qxd7 11. cxd5 Nxd5 12. Nxd5 exd5 13. Bd2 a5 14. Bc3 Rad8 15. Bd4 Rfe8 16. e3 Ba6 17. Re1 Bb4 18. Bc3 Bxc3 19. bxc3 Qc6 20. Qd4 Bc4 21. Red1 Qc7 22. Rd2 b5 23. Rad1 f5 24. f3 h6 25. e4 dxe4 26. Qxd8 Rxd8 27. Rxd8+ Kh7 28. fxe4 Be6 29. exf5 Bxf5 30. R1d5 Bc2 31. Rf8 Qxc3 32. Rxb5 Qe3+ 33. Rf2 Bd3 34. Rb8 Qe1+ 35. Bf1 Bxf1 1/2-1/2

[Event "Bicaz City Cup 2020"]
[Site "Bicaz"]
[Date "2020.03.08"]
[Round "6.14"]
[White "Mintau, Andrei-Catalin"]
[Black "Morariu, Daniel"]
[Result "1/2-1/2"]
[ECO "B43"]
[WhiteElo "1984"]
[BlackElo "1744"]
[Annotator "ChessBase"]
[PlyCount "88"]
[EventDate "2020.03.05"]
[EventType "swiss"]
[EventCountry "ROU"]
[SourceTitle "playchess.com"]
[Source "ChessBase"]
[SourceQuality "1"]
[TimeControl "5400+30"]

1. e4 c5 2. Nf3 e6 3. d4 cxd4 4. Nxd4 a6 5. Nc3 Qc7 6. g3 Nf6 7. Bg2 d6 8. O-O Be7 9. a4 Nc6 10. Kh1 O-O 11. f4 Re8 12. Nb3 Bf8 13. g4 Nd7 14. Nd4 Nxd4 15. Qxd4 b6 16. f5 Bb7 17. Qf2 Rac8 18. g5 exf5 19. exf5 Bxg2+ 20. Qxg2 Qc4 21. Bd2 d5 22. Rac1 d4 23. b3 Qc6 24. Nd5 g6 25. f6 Kh8 26. c4 Nc5 27. Qf3 a5 28. Bf4 Ne6 29. Rce1 Bd6 30. Bxd6 Qxd6 31. Ne7 Rc5 32. h4 d3 33. Rd1 Qd4 34. Qg3 Rd8 35. Nd5 Rcxd5 36. cxd5 Qxd5+ 37. Qf3 Qxb3 38. Qe4 d2 39. Kg2 h5 40. Rb1 Qc3 41. Rf3 Qc1 42. Rf1 Qc3 43. Rf3 Qc1 44. Rf1 Qc5 1/2-1/2

[Event "Bicaz City Cup 2020"]
[Site "Bicaz"]
[Date "2020.03.08"]
[Round "6.15"]
[White "Sachilaru, Alexandru"]
[Black "Cimpoiasu, Dan"]
[Result "0-1"]
[ECO "A13"]
[WhiteElo "1745"]
[BlackElo "1884"]
[Annotator "NA"]
[PlyCount "98"]
[EventDate "2020.03.05"]
[EventType "swiss"]
[EventCountry "ROU"]
[SourceTitle "playchess.com"]
[Source "ChessBase"]
[SourceQuality "1"]
[TimeControl "5400+30"]

1. c4 e6 2. Nf3 f5 3. g3 b6 4. Bg2 Bb7 5. d4 Nf6 6. Nc3 Be7 7. O-O Ne4 8. Qc2 {[%emt 0:03:50] 8.Bd2 is the hot move. A84: Dutch Defence: 2 c4 Miscellaneous.} Nxc3 9. Qxc3 Bf6 10. Bf4 d6 11. Rad1 Qe7 12. Qc1 O-O {[%emt 0:01:42] [#]} 13. b4 $146 ({Predecessor:} 13. Rfe1 Nd7 14. Bd2 Rac8 15. Bc3 Rfd8 16. d5 e5 17. e4 fxe4 18. Rxe4 c6 19. Bh3 cxd5 20. cxd5 {0-1 (55) Topel,Z (2214)-Hoang,T (2127) Beijing 2008}) 13... a5 14. a3 axb4 15. axb4 Ra4 16. Qb1 Nc6 17. b5 (17. Bd2 $15) 17... Na5 18. c5 dxc5 19. dxc5 Be4 20. Qc1 Nb3 ({Of course not} 20... Qxc5 $6 21. Qxc5 bxc5 22. Bxc7 $15) 21. Qe3 Nxc5 22. Be5 Rd8 23. Bxf6 Qxf6 24. Qg5 Rxd1 25. Rxd1 Ra1 26. Rxa1 Qxa1+ 27. Bf1 Qf6 28. Qf4 Qd8 29. h4 Qd6 30. Qg5 Bd5 31. h5 Ne4 32. Qh4 e5 33. Bh3 Nc3 34. Bf1 (34. Kf1 $17) 34... Nxb5 (34... h6 $19 {and Black stays clearly on top.} 35. Qh3 Be6) 35. Qa4 Bc6 36. Qa6 (36. Qc4+ $15 Kf8 {[#]} 37. Nxe5 $1 ) 36... Qe6 37. Ng5 Qd7 38. e4 g6 $2 (38... Nd6 $19 39. Bc4+ Kh8) 39. h6 Nd6 40. Qa2+ {[%emt 0:01:24] [#]} Kf8 $1 41. Ne6+ Ke7 42. Ng5 Kf6 43. f4 Nxe4 44. Nf3 exf4 45. Qb2+ Ke7 46. Qg7+ Kd8 47. Nd4 Bd5 48. Qh8+ Qe8 $19 49. Qxh7 Nf6 0-1

[Event "Bicaz City Cup 2020"]
[Site "Bicaz"]
[Date "2020.03.08"]
[Round "6.16"]
[White "Toma, Stefan"]
[Black "Dinca, Ovidiu"]
[Result "0-1"]
[ECO "A00"]
[WhiteElo "1508"]
[BlackElo "1854"]
[Annotator "NA"]
[PlyCount "86"]
[EventDate "2020.03.05"]
[EventType "swiss"]
[EventCountry "ROU"]
[SourceTitle "playchess.com"]
[Source "ChessBase"]
[SourceQuality "1"]
[TimeControl "5400+30"]

1. a3 Nf6 2. b4 e6 3. Bb2 b6 4. Nf3 Bb7 5. e3 d5 6. d4 {[%emt 0:00:02] A00: Irregular Openings.} a5 7. b5 {[%emt 0:00:08] [#]} Bd6 $146 ({Predecessor:} 7... Nbd7 8. Nbd2 Bd6 9. c4 O-O 10. Be2 Qe7 11. O-O Ne4 12. cxd5 exd5 13. Rc1 f5 {½-½ (65) Majeric,Z (2337)-Nagy,Z (2246) Budapest 2002}) 8. Nbd2 O-O 9. Bd3 Nbd7 10. O-O Re8 11. c4 e5 12. dxe5 Nxe5 13. Be2 Qe7 14. Nd4 g6 15. cxd5 Bxd5 16. N2f3 Rad8 17. Qc1 Ne4 18. Nc6 {[%emt 0:08:59] [#]} (18. a4 $11 {remains equal.}) 18... Bxc6 $1 19. bxc6 Nxf3+ 20. Bxf3 Nd2 21. Qc3 $4 (21. Rd1 $17 {was the crucial defense.} Nxf3+ 22. gxf3) 21... Be5 $2 (21... Nxf3+ $19 {is more deadly.} 22. gxf3 Qg5+ 23. Kh1 Be5 24. Qxe5 Rxe5) 22. Qxe5 Qxe5 23. Bxe5 Rxe5 24. Rfc1 Nxf3+ 25. gxf3 Red5 26. Rc2 Kf8 27. Kf1 Ke7 28. Ke2 R8d6 ({Black should try} 28... Rh5 $19 29. Rh1 Rdd5) 29. f4 Rf6 30. e4 Rh5 31. Rd1 {[%emt 0:00:22] [#]} Rd6 $1 ({Resist} 31... Rxf4 32. Ke3 $17) 32. Rxd6 Kxd6 33. Ke3 Rc5 34. Rxc5 $2 (34. Rd2+ {was necessary.} Kxc6 35. Kd4) 34... Kxc5 35. h4 Kxc6 36. f5 b5 37. fxg6 hxg6 38. Kd4 Kd6 39. f4 $19 c5+ 40. Kc3 Ke6 41. a4 b4+ 42. Kc4 Kf6 43. Kd3 Kg7 0-1

[Event "Bicaz City Cup 2020"]
[Site "Bicaz"]
[Date "2020.03.08"]
[Round "6.17"]
[White "Saioc, David"]
[Black "Bulgaru, Daniel-Alexandru"]
[Result "1/2-1/2"]
[ECO "D33"]
[WhiteElo "1837"]
[BlackElo "1706"]
[Annotator "NA"]
[PlyCount "102"]
[EventDate "2020.03.05"]
[EventType "swiss"]
[EventCountry "ROU"]
[SourceTitle "playchess.com"]
[Source "ChessBase"]
[SourceQuality "1"]
[TimeControl "5400+30"]

1. c4 Nf6 2. Nc3 e6 3. g3 d5 4. d4 c5 5. cxd5 exd5 6. Nf3 Nc6 7. Bg2 cxd4 8. Nxd4 Bc5 9. Nb3 Bb4 {[%emt 0:02:53] D33: Tarrasch Defence: 6 g3 sidelines.} 10. a3 Bxc3+ 11. bxc3 {[%emt 0:00:05] [#]} Ne4 $146 ({Predecessor:} 11... O-O 12. O-O Be6 13. Bg5 h6 14. Bxf6 Qxf6 15. Bxd5 Bh3 16. Bg2 Bxg2 17. Kxg2 Qxc3 {1-0 (53) Taskin,S-Zavalishin,V (1889) Kstovo 2010}) 12. Bb2 Na5 (12... O-O $11 {keeps the balance.}) 13. Bxe4 Nxb3 14. Qxb3 dxe4 15. Qa4+ Bd7 16. Qxe4+ Be6 17. O-O O-O 18. c4 Qc8 19. Rac1 f6 20. Rfd1 Re8 21. f3 Qc7 22. Qc2 (22. Qd3 $14) 22... Rad8 (22... b5 $11) 23. c5 Rxd1+ 24. Rxd1 Rd8 25. Rxd8+ Qxd8 26. c6 Qc7 27. cxb7 Qxb7 28. Bd4 a6 29. Qa4 Qb5 30. Qxb5 axb5 31. Kf2 Kf7 32. e4 Bc4 33. Ke3 Ke6 34. f4 g6 35. g4 f5 36. exf5+ gxf5 37. g5 Kf7 38. Bc5 Kg6 39. Kd4 Be2 40. Be7 Bf3 41. Ke3 Bd1 42. h4 Bc2 43. Kd4 Bd1 44. Kc5 Be2 45. Bf6 Bd3 46. Kd4 Bc2 47. Ke5 Bd3 $14 48. Bd8 Bc2 49. Ke6 Bb3+ 50. Ke7 Bc4 51. Kf8 Bb3 1/2-1/2

[Event "Bicaz City Cup 2020"]
[Site "Bicaz"]
[Date "2020.03.08"]
[Round "6.18"]
[White "Pintilie, Dimitrie"]
[Black "Melinte, Rares-Andrei"]
[Result "0-1"]
[ECO "A16"]
[WhiteElo "1460"]
[BlackElo "1785"]
[Annotator "NA"]
[PlyCount "84"]
[EventDate "2020.03.05"]
[EventType "swiss"]
[EventCountry "ROU"]
[SourceTitle "playchess.com"]
[Source "ChessBase"]
[SourceQuality "1"]
[TimeControl "5400+30"]

1. c4 Nf6 2. Nc3 g6 3. g3 Bg7 4. Bg2 O-O 5. Nf3 d6 6. d3 e5 7. Bd2 Nc6 8. Qc1 Re8 9. Bg5 Qd7 10. h4 Nd4 11. Bxf6 Nxf3+ 12. Bxf3 Bxf6 13. h5 Bg7 14. hxg6 hxg6 15. Qg5 Qe7 16. Qd2 c6 17. O-O-O Be6 18. e4 b5 19. Be2 Rec8 20. Rh2 d5 21. exd5 cxd5 22. cxd5 Bxd5 23. Kb1 Be6 24. Bf3 Rab8 25. Rdh1 b4 26. Ne4 b3 27. Rh7 bxa2+ 28. Ka1 f5 29. Ng5 e4 30. Nxe6 Bxb2+ 31. Qxb2 Qxh7 32. Qxb8 Qxh1+ 33. Bxh1 Rxb8 34. Kxa2 exd3 35. Bf3 d2 36. Nc5 Rd8 37. Bd1 Rc8 38. Nb3 Rc1 39. Nxd2 Rxd1 40. Nf3 Rf1 41. Nh4 Rxf2+ 42. Kb3 Kg7 0-1

[Event "Bicaz City Cup 2020"]
[Site "Bicaz"]
[Date "2020.03.08"]
[Round "6.19"]
[White "Covrig, Larisa-Raluca"]
[Black "Racovita, Gheorghe"]
[Result "1-0"]
[ECO "A45"]
[WhiteElo "1779"]
[BlackElo "1705"]
[Annotator "NA"]
[PlyCount "63"]
[EventDate "2020.03.05"]
[EventType "swiss"]
[EventCountry "ROU"]
[SourceTitle "playchess.com"]
[Source "ChessBase"]
[SourceQuality "1"]
[TimeControl "5400+30"]

1. d4 Nf6 2. Bf4 d6 3. Nc3 Nbd7 4. Nf3 g6 5. e4 Bg7 6. Bc4 O-O 7. O-O c6 8. Qe2 b5 9. Bb3 Nb6 10. e5 Nh5 11. Bg5 d5 12. Nd2 f6 13. exf6 exf6 14. Bh4 Nf4 15. Qf3 Ne6 16. Ne2 Bd7 17. c3 Qc8 18. Rfe1 Ng5 19. Bxg5 fxg5 20. Qg3 Nc4 21. Bxc4 bxc4 22. Qxg5 Qb8 23. b4 a5 24. a3 Rf5 25. Qg3 Qf8 26. Nf3 a4 27. Qc7 Qf7 28. Ng3 Rc8 29. Qa7 Rf4 30. Ng5 Qf6 31. Qxd7 Rd8 32. Qe6+ {[%emt 0:00:12] Qf8} 1-0

[Event "Bicaz City Cup 2020"]
[Site "Bicaz"]
[Date "2020.03.08"]
[Round "7.16"]
[White "Ienasoaie, Rafael"]
[Black "Ienasoaie, Gabriel"]
[Result "0-1"]
[ECO "B90"]
[WhiteElo "1883"]
[BlackElo "1685"]
[Annotator "NA RC"]
[PlyCount "148"]
[EventDate "2020.03.05"]
[EventType "swiss"]
[EventCountry "ROU"]
[SourceTitle "playchess.com"]
[Source "ChessBase"]
[SourceQuality "1"]
[TimeControl "5400+30"]

1. e4 c5 2. Nf3 d6 3. d4 cxd4 4. Nxd4 Nf6 5. Nc3 a6 6. Bc4 e6 7. Bb3 Be7 8. O-O O-O 9. Kh1 Nc6 {[%emt 0:01:28] B86: Sicilian Scheveningen/Najdorf: 6 Bc4, without early ...b5.} 10. Be3 Qc7 11. h3 {[%emt 0:05:59] [#]} Nxd4 $146 ({Predecessor:} 11... Na5 12. f4 b5 13. a3 Bb7 14. Qf3 Nc4 15. Bxc4 Qxc4 16. Rae1 b4 17. axb4 Qxb4 {1-0 (29) Ghareb,A (1887)-Mohamed,T (2278) Zgazig 2013}) 12. Qxd4 Bd7 13. Rab1 Rab8 14. Ra1 Ra8 15. Rad1 Bc6 16. Rc1 Rab8 17. Rb1 Ra8 18. Rbd1 Rac8 19. a3 b5 20. Rfe1 Rfe8 21. Bg5 Red8 22. Bc1 Qb7 23. f4 Ne8 (23... a5 $17 24. f5 b4 25. axb4 axb4) 24. Qf2 a5 25. f5 e5 {[%emt 0:05:00] [#]} 26. Qe2 (26. g4 $1 $16) 26... Nf6 27. Qe3 $11 {[%emt 0:00:28] and White is okay.} Ne8 28. Rf1 Nf6 29. Rde1 $2 Bf8 30. Re2 Re8 31. Rfe1 Rcd8 32. Qf2 (32. Qg3 $14 {keeps the upper hand.}) 32... Qa8 33. Bg5 Be7 34. Qg3 Qb7 35. Kh2 b4 36. axb4 axb4 37. Nd5 Kh8 38. h4 $2 (38. Bxf6 $16 Bxf6 39. Nxf6 gxf6 40. Rd1) 38... Nxd5 39. exd5 Bxd5 40. Bxd5 Qxd5 41. Rd2 Qc5 42. Re4 {[%emt 0:03:08] [#]} f6 $1 43. Be3 Qc6 44. Rxb4 d5 45. Rg4 Bf8 46. c3 Qd7 ({Black should play} 46... h5 $19 47. Rg6 {[#]} d4 $1 ) 47. Rf2 Qf7 48. Ra4 Rd7 49. Rd2 Red8 50. Qf3 Be7 51. g3 Bf8 52. Qd1 e4 53. Ra5 g6 54. fxg6 hxg6 55. b4 Qe6 56. Qe2 Bd6 57. Kg2 Bc7 58. Ra6 Qe5 59. Qf2 Kh7 60. Rxf6 Qxc3 61. Bd4 $18 Qb3 62. Rf7+ Kg8 63. Rxd7 Rxd7 64. Rb2 Qd3 65. b5 Rf7 66. Qe3 Qf1+ 67. Kh2 Rf3 68. Qg1 Bxg3+ 69. Kh1 Qh3+ 70. Rh2 Qxh2+ 71. Qxh2 Bxh2 72. Kxh2 e3 73. b6 e2 74. b7 Rb3 0-1

[Event "Bicaz City Cup 2020"]
[Site "Bicaz"]
[Date "2020.03.08"]
[Round "7.17"]
[White "Chiprian, Ionel"]
[Black "Vasile, Alexandru"]
[Result "0-1"]
[ECO "A27"]
[WhiteElo "1861"]
[BlackElo "1658"]
[Annotator "NA RC"]
[PlyCount "86"]
[EventDate "2020.03.05"]
[EventType "swiss"]
[EventCountry "ROU"]
[SourceTitle "playchess.com"]
[Source "ChessBase"]
[SourceQuality "1"]
[TimeControl "5400+30"]

1. c4 e5 2. Nc3 Nc6 3. Nf3 g6 4. g3 Bg7 5. Bg2 d6 6. d3 Nf6 7. O-O O-O 8. Bd2 Bf5 9. Nh4 Be6 10. Nf3 h6 11. Rb1 {[%emt 0:01:33] A26: English Opening vs King's Indian with ...Nc6 and d3.} Qd7 12. Re1 Bh3 13. Bh1 {[%emt 0:00:08] [#]} Ng4 $146 ({Predecessor:} 13... Nh5 14. Nd5 f5 15. b4 f4 16. b5 Nd8 17. Qc2 c6 18. Nc3 Qg4 19. Bg2 fxg3 20. Bxh3 gxf2+ 21. Kxf2 Qxh3 {0-1 (30) Dragaberg,R (1869)-Jacobsen,H (1935) Faroe Islands 2018}) 14. Nd5 Nd8 15. e4 c6 16. Ne3 Ne6 17. Qc1 Kh7 18. b4 Nxe3 19. Bxe3 f5 20. Bg2 Bxg2 21. Kxg2 f4 22. Bd2 g5 23. g4 {[%emt 0:10:33] [#]} ({White should try} 23. h3 $15) 23... Nc5 $19 24. h3 Nxd3 25. Qc2 Nxe1+ 26. Rxe1 Bf6 27. Rg1 Kg7 28. Bc3 Qe6 29. Nd2 b5 30. f3 bxc4 31. a3 Rad8 32. Bb2 d5 33. Rc1 a6 34. Qa4 Qc8 35. Qa5 Qb7 36. Qc5 Qb5 37. Qf2 a5 38. Rb1 axb4 39. axb4 d4 40. Bc1 Ra8 41. Nf1 c3 42. h4 Ra4 43. h5 Rfa8 0-1